 Dungeon Crawl Stone Soup version 0.28-a0-1447-ga5a8893891 (webtiles) character file.

Game seed: 5474155548823271664

219 bande the Shield-Bearer (level 5, -1/33 HPs)
             Began as a Gargoyle Fighter on Jan 11, 2022.
             Slain by an orc priest (3 damage)
             ... on level 3 of the Dungeon.
             The game lasted 00:05:43 (3676 turns).

bande the Shield-Bearer (Gargoyle Fighter)          Turns: 3676, Time: 00:05:44

Health: -1/33      AC: 13    Str: 20    XL:     5   Next: 96%
Magic:  5/5        EV:  9    Int:  8    God:
Gold:   143        SH:  5    Dex: 11    Spells: 4/4 levels left

rFire   . . .      SeeInvis +   a - +0 war axe
rCold   + . .      Faith    .   c - +0 buckler
rNeg    + . .      Spirit   .   b - +0 scale mail
rPois   ∞          Reflect  .   g - +0 helmet
rElec   +          Harm     .   (no cloak)
rCorr   .          Rampage  .   l - +0 pair of gloves
Will    .....                   (no boots)
Stlth   ..........              (no amulet)
HPRegen 0.11/turn               f - ring of see invisible
MPRegen 0.09/turn               j - ring of protection from cold

@: no status effects
A: sickness immunity, AC +4, negative energy resistance 1, electricity
resistance, torment resistance 1, petrification resistance, talons 1, no potion
heal 1
a: no special abilities


You were on level 3 of the Dungeon.
You visited 1 branch of the dungeon, and saw 3 of its levels.

You collected 143 gold pieces.

Inventory:

Hand Weapons
 a - a +0 war axe (weapon)
 e - a +0 flail
 k - a +0 flail
Missiles
 h - a throwing net (quivered)
Armour
 b - a +0 scale mail (worn)
 c - a +0 buckler (worn)
 g - a +0 helmet (worn)
 l - a +0 pair of gloves (worn)
Jewellery
 f - a ring of see invisible (left hand)
 j - a ring of protection from cold (right hand)
Potions
 d - a potion of might
 i - a potion of flight


   Skills:
 + Level 3.9 Fighting
 + Level 3.7 Axes
 + Level 4.4 Armour
 + Level 4.4 Shields


You had 4 spell levels left.
You didn't know any spells.
Your spell library was empty.

Dungeon Overview and Level Annotations

Branches:
Dungeon (3/15)

Altars:

Shops:
D:1 *


Innate Abilities, Weirdness & Mutations

You are immune to sickness and miasma.
Your stone body is resilient. (AC +4)
You are immune to poison.
You resist negative energy. (rN+)
You are resistant to electric shocks. (rElec)
You are resistant to unholy torment.
You are immune to petrification.
You have sharp toenails.
Potions are less effective at restoring your health.


Message History

No target in view!
No target in view!
No target in view!
No target in view!
An orc priest comes into view. It is wielding a +0 club.
The orc priest shouts!
An orc priest is nearby!
Found a spear.
An orc priest comes into view. It is wielding a +0 mace.
The orc priest shouts!
You hit the orc priest but do no damage.
You claw the orc priest.
The orc priest is lightly wounded.
The orc priest hits you with a +0 club.
You hit the orc priest but do no damage.
You claw the orc priest, but do no damage.
The orc priest is lightly wounded.
The orc priest completely misses you.
The orc priest invokes the aid of Beogh against you.
Beogh smites you!
The orc priest hits you but does no damage.
An orc wizard comes into view. It is wielding a +0 dagger.
The orc priest closely misses you.
The orc priest invokes the aid of Beogh against you.
Beogh smites you!
You closely miss the orc priest.
The orc priest is lightly wounded.
You hit the orc priest.
The orc priest mumbles some strange prayers to Beogh against you.
Pain shoots through your body!
The orc priest hits you but does no damage.
Unknown command.
You slash the orc priest!
The orc priest is almost dead.
You hit the orc priest.
The orc priest invokes the aid of Beogh against you.
Beogh smites you!
* * * LOW HITPOINT WARNING * * *
The orc priest misses you. The orc priest hits you with a +0 mace.
You die...

................#
#######.#######.#
#...........#
#.#.#######.# #.#.#
#.# #.#.# #.# #.#.#
##.##
#.#.###.##...##
#.#.##.)....@o#
#)#.#........oo...#
#.#.#.#.###.####.##
#.#.#.#. ### #
#.#.#.#.#
#####.#... .#
......#.###.#
......†.....#
.###.##.....#


You could see 2 orc priests and an orc wizard.

Vanquished Creatures
  7 gnolls
  7 adders
  An ufetubus (D:3)
  2 worms
  4 dart slugs (D:1)
  8 ball pythons
  4 endoplasms
  6 giant cockroaches
  3 goblins
  4 hobgoblins
  7 jackals (D:1)
  2 quokkas
  6 bats
  3 frilled lizards (D:1)
  4 kobolds
  7 rats
75 creatures vanquished.

Notes
Turn   | Place    | Note
-------+----------+-------------------------------------------
     0 | D:1      | bande the Gargoyle Fighter began the quest for the Orb.
     0 | D:1      | Reached XP level 1. HP: 14/14 MP: 1/1
   247 | D:1      | Found Caelois's Assorted Antiques.
   256 | D:1      | Reached XP level 2. HP: 14/19 MP: 2/2
   351 | D:1      | Reached XP level 3. HP: 5/23 MP: 3/3
   741 | D:1      | Found a faded altar of an unknown god.
  1219 | D:1      | You fall into a shaft and drop 1 floor!
  1868 | D:2      | Reached XP level 4. HP: 27/28 MP: 4/4
  2555 | D:2      | Reached XP level 5. HP: 28/33 MP: 5/5
  2632 | D:2      | Gained mutation: You have sharp toenails. [potion of
                  | mutation]
  2632 | D:2      | Gained mutation: Potions are less effective at restoring
                  | your health. [potion of mutation]
  3676 | D:3      | Slain by an orc priest

Illustrated notes

Levels and vault maps discovered:
D:1:      matt_arrival_refuge, layout_basic, shapermc_ecumenical_altar_venn,
          serial_shops, nicolae_shop_stone, minmay_misc_feat_roman,
          nicolae_figureground_pulse
D:2:      layout_loops_ring, minmay_3d_cube
D:3:      layout_loops_ring

Skill      XL: |  1  2  3  4 |
---------------+-------------+-----
Axes           | 2 3 |  3.7
Shields        | 4 |  4.4
Armour         | 4 |  4.4
Fighting       | |  3.9

Action                   |  1- 3 |  4- 6 || total
-------------------------+-------+-------++-------
Melee: War axe           |   100 |   152 ||   252
       Kick              |       |    22 ||    22
  Use: Scroll            |     5 |     2 ||     7
       Potion            |       |     1 ||     1
Armor: Scale mail        |    61 |    99 ||   160
Dodge: Dodged            |    50 |   105 ||   155
Block: Buckler           |    28 |    51 ||    79

Table legend: (Time is in decaauts)
 A = Elapsed time spent in this place.
 B = Non-inter-level travel time spent in this place.
 C = Inter-level travel time spent in this place.
 D = Time resting spent in this place.
 E = Time spent auto-exploring this place.
 F = Levels seen in this place.
 G = Mean time per level.
                   A        B        C        D        E       F      G
               +--------+--------+--------+--------+--------+-----+--------+
         Total |   3776 |   3680 |     96 |    595 |   2405 |   3 | 1258.7 |
       Dungeon |   3776 |   3680 |     96 |    595 |   2405 |   3 | 1258.7 |
               +--------+--------+--------+--------+--------+-----+--------+

Top non-repeatable levels by time:
     D:1: 1803 daAuts
     D:2: 1275 daAuts
     D:3: 698 daAuts
